MLB
MINNESOTA TWINS @ PITTSBURGH PIRATES
04/04/2018
 
TOP OF THE 1ST
Minnesota Twins batting - Pitching for Pittsburgh Pirates : RHP Tyson Ross
Pitching: RHP Tyson Ross
Batting: RHB Ian Kinsler 0-0: Ball
1-0: Foul Ball, location: 2F
1-1: Ground out 5-3 (Groundball, 56S)
Batting: RHB Howie Kendrick 0-0: SINGLE (Groundball, 56D)
Batting: LHB Freddie Freeman 0-0: Foul Ball, location: 2F
0-1: Ball
1-1: SINGLE (Groundball, 4MD)
Howie Kendrick to second
Batting: RHB Avisail Garcia 0-0: Swinging Strike
0-1: Grounds into double play, 5-4-3 (Groundball, 5)
Top of the 1st over - 0 runs, 2 hits, 0 errors, 1 left on base; Minnesota 0 - Pittsburgh 0
BOTTOM OF THE 1ST
Pittsburgh Pirates batting - Pitching for Minnesota Twins : RHP Reynaldo Lopez
Pitching: RHP Reynaldo Lopez
Batting: RHB Brian Dozier 0-0: SINGLE (Groundball, 56D)
Batting: RHB Lorenzo Cain 0-0: Ball
1-0: Swinging Strike
1-1: Foul Ball, location: 2F
1-2: Foul Ball, location: 2F
1-2: Ground out U3 (Groundball, 34S)
Brian Dozier to second
Batting: RHB Carlos Correa 0-0: Ball
1-0: Ball
2-0: Swinging Strike
2-1: Foul Ball, location: 2F
2-2: Strikes out swinging
Batting: LHB Jake Lamb 0-0: Called Strike
0-1: Ball
1-1: SINGLE (Line Drive, 8RS)
Brian Dozier to third
Runner from 3rd tries for Home, SAFE, throw made home
Batting: RHB Ryan Zimmerman 0-0: Called Strike
0-1: Ball
1-1: Ball
2-1: Foul Ball, location: 2F
2-2: Strikes out looking
Bottom of the 1st over - 1 run, 2 hits, 0 errors, 1 left on base; Minnesota 0 - Pittsburgh 1
TOP OF THE 2ND
Minnesota Twins batting - Pitching for Pittsburgh Pirates : RHP Tyson Ross
Batting: RHB Maikel Franco 0-0: Ball
1-0: Called Strike
1-1: Called Strike
1-2: SINGLE (Line Drive, 78M)
Batting: RHB Adam Jones 0-0: Foul Ball, location: 2F
0-1: Grounds into double play, 4-6-3 (Groundball, 4)
Batting: RHB Chris Iannetta 0-0: Ball
1-0: Fly out, F9 (Flyball, 9)
Top of the 2nd over - 0 runs, 1 hit, 0 errors, 0 left on base; Minnesota 0 - Pittsburgh 1
BOTTOM OF THE 2ND
Pittsburgh Pirates batting - Pitching for Minnesota Twins : RHP Reynaldo Lopez
Batting: LHB Jay Bruce 0-0: Fly out, F8 (Flyball, 8RD)
Batting: RHB Carlos Gomez 0-0: Ball
1-0: Foul Ball, location: 2F
1-1: Ball
2-1: Fly out, F8 (Flyball, 8RS)
Batting: RHB Manny Pina 0-0: Swinging Strike
0-1: Foul Ball, location: 2F
0-2: SOLO HOME RUN (Flyball, 78XD), Distance : 424 ft
Batting: RHB Tyson Ross 0-0: SINGLE (Groundball, 56D)
Batting: RHB Brian Dozier 0-0: Called Strike
0-1: Fielders Choice at 2nd, 5-4 (Groundball, 56)
Bottom of the 2nd over - 1 run, 2 hits, 0 errors, 1 left on base; Minnesota 0 - Pittsburgh 2
TOP OF THE 3RD
Minnesota Twins batting - Pitching for Pittsburgh Pirates : RHP Tyson Ross
Batting: RHB Miguel Rojas 0-0: Hit by Pitch
Batting: RHB Reynaldo Lopez 0-0: Bunt - Flyout! F3
Batting: RHB Ian Kinsler 0-0: Ball
1-0: Fly out, F8 (Flyball, 8LM)
Batting: RHB Howie Kendrick 0-0: Fielders Choice at 2nd, 5-4 (Groundball, 5)
Top of the 3rd over - 0 runs, 0 hits, 0 errors, 1 left on base; Minnesota 0 - Pittsburgh 2
BOTTOM OF THE 3RD
Pittsburgh Pirates batting - Pitching for Minnesota Twins : RHP Reynaldo Lopez
Batting: RHB Lorenzo Cain 0-0: SINGLE (Line Drive, 8LS)
Batting: RHB Carlos Correa 0-0: Ball
1-0: Fly out, F8 (Flyball, 8LS)
Batting: LHB Jake Lamb 0-0: Ball
Lorenzo Cain steals 2nd base
1-0: Foul Ball, location: 2F
1-1: Foul Ball, location: 2F
1-2: Foul Ball, location: 2F
1-2: Ball
2-2: 2-RUN HOME RUN (Flyball, 9D), Distance : 371 ft
Batting: RHB Ryan Zimmerman 0-0: Ground out 5-3 (Groundball, 56S)
Batting: LHB Jay Bruce 0-0: Ball
1-0: Ball
2-0: DOUBLE (Flyball, 8RXD)
Batting: RHB Carlos Gomez 0-0: Foul Ball, location: 2F
0-1: Ball
1-1: Ball
2-1: Fly out, F8 (Flyball, 78D)
Bottom of the 3rd over - 2 runs, 3 hits, 0 errors, 1 left on base; Minnesota 0 - Pittsburgh 4
TOP OF THE 4TH
Minnesota Twins batting - Pitching for Pittsburgh Pirates : RHP Tyson Ross
Batting: LHB Freddie Freeman 0-0: Called Strike
0-1: Ball
1-1: Ball
2-1: Called Strike
2-2: Foul Ball, location: 2F
2-2: Foul Ball, location: 2F
2-2: Ball
3-2: Strikes out swinging
Batting: RHB Avisail Garcia 0-0: Ball
1-0: Foul Ball, location: 2F
1-1: Ball
2-1: SINGLE (Groundball, 6MD)
Batting: RHB Maikel Franco 0-0: Ball
1-0: Called Strike
1-1: DOUBLE (Line Drive, 78XD)
Avisail Garcia to third
Batting: RHB Adam Jones 0-0: Ball
1-0: Ball
2-0: Called Strike
2-1: Fly out, F7 (Line Drive, 7)
Runner from 3rd tags up, SCORES, throw made
Batting: RHB Chris Iannetta 0-0: Foul Ball, location: 2F
0-1: Foul Ball, location: 2F
0-2: Ball
1-2: Foul Ball, location: 2F
1-2: Ball
2-2: Ball
3-2: Fly out, F7 (Flyball, 7LSF)
Top of the 4th over - 1 run, 2 hits, 0 errors, 1 left on base; Minnesota 1 - Pittsburgh 4
BOTTOM OF THE 4TH
Pittsburgh Pirates batting - Pitching for Minnesota Twins : RHP Reynaldo Lopez
Batting: RHB Manny Pina 0-0: Ball
1-0: Ball
2-0: Ball
3-0: Called Strike
3-1: Called Strike
3-2: Fly out, F9 (Line Drive, 9)
Batting: RHB Tyson Ross 0-0: Ground out 6-3 (Groundball, 6MD)
Batting: RHB Brian Dozier 0-0: Called Strike
0-1: SINGLE (Line Drive, 7S)
Batting: RHB Lorenzo Cain 0-0: Ball
1-0: Ball
2-0: Ball
3-0: Fly out, F8 (Flyball, 8RXD)
Bottom of the 4th over - 0 runs, 1 hit, 0 errors, 1 left on base; Minnesota 1 - Pittsburgh 4
TOP OF THE 5TH
Minnesota Twins batting - Pitching for Pittsburgh Pirates : RHP Tyson Ross
Batting: RHB Miguel Rojas 0-0: DOUBLE (Line Drive, 78D)
Batting: RHB Reynaldo Lopez 0-0: Bunt - Flyout! F5
Batting: RHB Ian Kinsler 0-0: Foul Ball, location: 2F
0-1: Called Strike
0-2: Ball
1-2: Ball
2-2: Fly out, F8 (Line Drive, 8LM)
Batting: RHB Howie Kendrick 0-0: Swinging Strike
0-1: Ball
1-1: Foul Ball, location: 2F
1-2: Ball
2-2: Strikes out swinging
Top of the 5th over - 0 runs, 1 hit, 0 errors, 1 left on base; Minnesota 1 - Pittsburgh 4
BOTTOM OF THE 5TH
Pittsburgh Pirates batting - Pitching for Minnesota Twins : RHP Reynaldo Lopez
Batting: RHB Carlos Correa 0-0: Ball
1-0: Fly out, F9 (Flyball, 9D)
Batting: LHB Jake Lamb 0-0: Foul Ball, location: 2F
0-1: Ground out 4-3 (Groundball, 4)
Batting: RHB Ryan Zimmerman 0-0: Called Strike
0-1: Ball
1-1: Foul Ball, location: 2F
1-2: Strikes out looking
Bottom of the 5th over - 0 runs, 0 hits, 0 errors, 0 left on base; Minnesota 1 - Pittsburgh 4
TOP OF THE 6TH
Minnesota Twins batting - Pitching for Pittsburgh Pirates : RHP Tyson Ross
Batting: LHB Freddie Freeman 0-0: Foul Ball, location: 2F
0-1: Swinging Strike
0-2: Hit by Pitch
Batting: RHB Avisail Garcia 0-0: Foul Ball, location: 2F
0-1: Ball
1-1: Ball
2-1: Grounds into double play, 6-4-3 (Groundball, 6)
Batting: RHB Maikel Franco 0-0: Ball
1-0: Swinging Strike
1-1: Fly out, F8 (Line Drive, 8LM)
Top of the 6th over - 0 runs, 0 hits, 0 errors, 0 left on base; Minnesota 1 - Pittsburgh 4
BOTTOM OF THE 6TH
Pittsburgh Pirates batting - Pitching for Minnesota Twins : RHP Reynaldo Lopez
Pitching: RHP Juan Nicasio
Batting: LHB Jay Bruce 0-0: Ball
1-0: Called Strike
1-1: Foul Ball, location: 2F
1-2: Ball
2-2: Ground out 6-3 (Groundball, 4MS)
Batting: RHB Carlos Gomez 0-0: Ball
1-0: Ground out 4-3 (Groundball, 4M)
Batting: RHB Manny Pina 0-0: Ball
1-0: Fly out, F2 (Popup, 15S)
Bottom of the 6th over - 0 runs, 0 hits, 0 errors, 0 left on base; Minnesota 1 - Pittsburgh 4
TOP OF THE 7TH
Minnesota Twins batting - Pitching for Pittsburgh Pirates : RHP Tyson Ross
Batting: RHB Adam Jones 0-0: Foul Ball, location: 2F
0-1: Foul Ball, location: 2F
0-2: Foul Ball, location: 2F
0-2: Foul Ball, location: 2F
0-2: Ball
1-2: Ball
2-2: Strikes out swinging
Batting: RHB Chris Iannetta 0-0: SINGLE (Groundball, 56D)
Batting: RHB Miguel Rojas 0-0: Ball
1-0: Ball
2-0: Called Strike
2-1: Swinging Strike
2-2: Fly out, F9 (Flyball, 9S)
Pinch Hitting: SHB Kendrys Morales 0-0: Called Strike
0-1: Foul Ball, location: 2F
0-2: Ball
1-2: Ball
2-2: Strikes out swinging
Top of the 7th over - 0 runs, 1 hit, 0 errors, 1 left on base; Minnesota 1 - Pittsburgh 4
BOTTOM OF THE 7TH
Pittsburgh Pirates batting - Pitching for Minnesota Twins : RHP Juan Nicasio
Pitching: RHP Matt Harvey
Pinch Hitting: RHB Matt Davidson 0-0: Called Strike
0-1: SINGLE (Groundball, 56D)
Batting: RHB Brian Dozier 0-0: Ball
1-0: Ball
2-0: Foul Ball, location: 2F
2-1: Grounds into double play, 5-4-3 (Groundball, 5)
Batting: RHB Lorenzo Cain 0-0: Ball
1-0: Ground out U3 (Groundball, 34S)
Bottom of the 7th over - 0 runs, 1 hit, 0 errors, 0 left on base; Minnesota 1 - Pittsburgh 4
TOP OF THE 8TH
Minnesota Twins batting - Pitching for Pittsburgh Pirates : RHP Tyson Ross
Pitching: RHP Ryan Pressly
Batting: RHB Ian Kinsler 0-0: Ball
1-0: Ball
2-0: Ball
3-0: Foul Ball, location: 2F
3-1: Foul Ball, location: 2F
3-2: Strikes out looking
Batting: RHB Howie Kendrick 0-0: Called Strike
0-1: Foul Ball, location: 2F
0-2: Strikes out swinging
Batting: LHB Freddie Freeman 0-0: Called Strike
0-1: Foul Ball, location: 2F
0-2: Foul Ball, location: 2F
0-2: Ball
1-2: Strikes out swinging
Top of the 8th over - 0 runs, 0 hits, 0 errors, 0 left on base; Minnesota 1 - Pittsburgh 4
BOTTOM OF THE 8TH
Pittsburgh Pirates batting - Pitching for Minnesota Twins : RHP Matt Harvey
Batting: RHB Carlos Correa 0-0: Ball
1-0: Foul Ball, location: 2F
1-1: Ball
2-1: Fly out, F4 (Popup, 34S)
Batting: LHB Jake Lamb 0-0: Ball
1-0: Ball
2-0: Called Strike
2-1: Foul Ball, location: 2F
2-2: Ball
3-2: Strikes out swinging
Batting: RHB Ryan Zimmerman 0-0: Ball
1-0: Ball
2-0: Called Strike
2-1: SINGLE (Groundball, 6D)
Batting: LHB Jay Bruce 0-0: Ball
1-0: Called Strike
1-1: 2-RUN HOME RUN (Flyball, 9LD), Distance : 356 ft
Batting: RHB Carlos Gomez 0-0: Called Strike
0-1: Swinging Strike
0-2: Ball
1-2: Strikes out swinging, 2-3 out at first.
Bottom of the 8th over - 2 runs, 2 hits, 0 errors, 0 left on base; Minnesota 1 - Pittsburgh 6
TOP OF THE 9TH
Minnesota Twins batting - Pitching for Pittsburgh Pirates : RHP Ryan Pressly
Batting: RHB Avisail Garcia 0-0: Ball
1-0: Foul Ball, location: 2F
1-1: Ball
2-1: Ball
3-1: Foul Ball, location: 2F
3-2: Foul Ball, location: 2F
3-2: Strikes out looking
Batting: RHB Maikel Franco 0-0: Ball
1-0: Foul Ball, location: 2F
1-1: Hit by Pitch
Pitching: RHP Alex Meyer
Batting: RHB Adam Jones 0-0: Called Strike
0-1: Fly out, F4 (Line Drive, 4)
Batting: RHB Chris Iannetta 0-0: Called Strike
0-1: 2-RUN HOME RUN (Flyball, 7LD), Distance : 378 ft
Batting: RHB Miguel Rojas 0-0: Ball
1-0: Foul Ball, location: 2F
1-1: Ball
2-1: Swinging Strike
2-2: Strikes out looking
Top of the 9th over - 2 runs, 1 hit, 0 errors, 0 left on base; Minnesota 3 - Pittsburgh 6
Thursday, May 24th, 2018 - OOTP Baseball 19.5 Build 49